 Dungeon Crawl Stone Soup version 0.29.1-15-g9cfb28693d (webtiles) character file.

Game seed: 11935560541614493092

60 Calibrex the Ruffian (level 3, -5/36 HPs)
             Began as a Troll Fighter on Mar 16, 2023.
             Was a High Priest of Ignis.
             Killed from afar by Terence (16 damage)
             ... with a bolt of light
             ... on level 3 of the Dungeon.
             The game lasted 00:05:20 (1989 turns).

Calibrex the Ruffian (Troll Fighter)                Turns: 1989, Time: 00:05:21

Health: -5/36      AC:  4    Str: 24    XL:     3   Next: 80%
Magic:  2/2        EV: 10    Int:  6    God:    Ignis [*****.]
Gold:   112        SH:  0    Dex:  9    Spells: 2/2 levels left

rFire   + . .      SeeInvis .     - Unarmed
rCold   . . .      Faith    .   d - orb {mayhem}
rNeg    . . .      Spirit   .   a - +0 robe
rPois   .          Reflect  .   (helmet restricted)
rElec   .          Harm     .   (no cloak)
rCorr   .          Rampage  .   (gloves unavailable)
Will    .....                   (boots unavailable)
Stlth   +.........              (no amulet)
HPRegen 0.92/turn               (no ring)
MPRegen 0.08/turn               (no ring)

@: no status effects
A: large, unfitting armour, claws 3, regeneration 1, shaggy fur 1, tough skin 1
a: Renounce Religion, Fiery Armour, Foxfire Swarm, Rising Flame


You were on level 3 of the Dungeon.
You worshipped Ignis.
Ignis was extremely pleased with you.
You visited 1 branch of the dungeon, and saw 3 of its levels.

You collected 112 gold pieces.

Inventory:

Missiles
 l - 3 poisoned darts (quivered)
Armour
 a - a +0 robe (worn)
 b - a +0 kite shield
 d - an orb of mayhem (worn)
Jewellery
 g - an amulet of faith
Scrolls
 f - a scroll of teleportation {unknown}
 h - a scroll of vulnerability {unknown}
 j - a scroll of silence {unknown}
Potions
 c - 3 potions of might
 e - a potion of brilliance
 i - a potion of lignification {unknown}
 k - a potion of curing


   Skills:
 + Level 2.9 Fighting
 - Level 2.4 Dodging
 + Level 3.2 Shields
 * Level 3.2 Unarmed Combat


You had 2 spell levels left.
You didn't know any spells.
Your spell library contained the following spells:

 Spells                   Type           Power      Damage    Failure   Level
 Sublimation of Blood     Necr           0%         N/A       58%         2
 Wereblood                Tmut           0%         N/A       58%         2
 Summon Hydra             Summ           0%         N/A       100%        7


Dungeon Overview and Level Annotations

Branches:
Dungeon (3/15)

Altars:
Ignis

Shops:
D:1 [=*

Annotations:
D:3 Terence


Innate Abilities, Weirdness & Mutations

You are too large for most types of armour.
You have claws for hands.
Your natural rate of healing is unusually fast.
You are covered in fur. (AC +1)
You have tough skin. (AC +1)


Message History

Terence the Incautious comes into view.
He is wielding a +0 trident and carrying a wand of light (3).
Terence zaps a wand.
The bolt of light misses you.
Terence zaps a wand.
The bolt of light hits you!
Terence hits you from afar with a +0 trident!
You are too injured to fight recklessly!
You are too injured to fight recklessly!
You are too injured to fight recklessly!
You are too injured to fight recklessly!
You are too injured to fight recklessly!
You are too injured to fight recklessly!
Terence barely misses you.
You scratch Terence but do no damage.
Terence screams, "I'm going to kill you!"
Terence hits you with a +0 trident.
You scratch Terence.
Terence is lightly wounded.
Terence barely misses you.
You closely miss Terence.
Terence is lightly wounded.
You scratch Terence but do no damage.
Terence is lightly wounded.
Terence barely misses you.
You scratch Terence.
Terence is moderately wounded.
Terence hits you with a +0 trident.
You scratch Terence.
Terence is heavily wounded.
Terence drinks a potion.
Terence is healed!
You claw Terence!
Terence is heavily wounded.
Terence says, "Time to say good-bye..."
Terence hits you with a +0 trident.
You scratch Terence.
Terence is severely wounded.
Terence hits you with a +0 trident.
* * * LOW HITPOINT WARNING * * *
You scratch Terence but do no damage.
Terence is severely wounded.
Terence zaps a wand.
The bolt of light hits you!
You die...

#....#.##.. .
###.#<#.##.## ..
#...........##.#.
#.###.###........
#.......##
#####..##
#..###.#
#.#######......#
#...@@....####.#
###########


You could see Terence.

Vanquished Creatures
  A gnoll (D:1)
  A worm (D:2)
  3 ball pythons
  An endoplasm (D:1)
  A giant cockroach (D:2)
  3 goblins (D:1)
  4 hobgoblins
  3 quokkas (D:2)
  8 bats
  4 frilled lizards
  3 kobolds
  15 rats
47 creatures vanquished.

Vanquished Creatures (collateral kills)
  4 rats (D:2)
4 creatures vanquished.

Vanquished Creatures (others)
  A rat (D:2)
1 creature vanquished.

Grand Total: 52 creatures vanquished

Notes
Turn   | Place    | Note
-------+----------+-------------------------------------------
     0 | D:1      | Calibrex the Troll Fighter began the quest for the Orb.
     0 | D:1      | Reached XP level 1. HP: 22/22 MP: 0/0
   154 | D:1      | Reached XP level 2. HP: 29/29 MP: 1/1
   196 | D:1      | Found Ryuptofeu's Armour Emporium.
   202 | D:1      | Found Igyr's Jewellery Boutique.
   304 | D:1      | Found Gikhlaske's General Store.
   598 | D:1      | Reached XP level 3. HP: 28/36 MP: 2/2
  1201 | D:2      | Found a faded altar of an unknown god.
  1934 | D:2      | Prayed at the altar of an unknown god.
  1934 | D:2      | Became a worshipper of Ignis, the Dying Flame
  1975 | D:3      | Noticed Terence
  1989 | D:3      | Killed from afar by Terence

Illustrated notes

Levels and vault maps discovered:
D:1:      nagdon_arrival_double_spiral, layout_basic, serial_shops, shop,
          nicolae_shop_behind_doors, shop
D:2:      layout_loops_corners, shapermc_ecumenical_altar_mp_highgroup,
          minmay_rat_hole
D:3:      layout_loops_corners, gammafunk_ghost_nasty_kobolds, minmay_mini_jars,
          uniq_terence, uniq_jessica

Skill      XL: |  1  2  3 |
---------------+----------+-----
Shields        | 3 |  3.2
Unarmed Combat | 3 |  3.2
Fighting       | |  2.9
Dodging        | |  2.4

Action                   || total
-------------------------++-------
Melee: Unarmed           ||   129
  Use: Scroll            ||     1
Armor: Robe              ||    52
Dodge: Dodged            ||    52
Block: Kite shield       ||     9
